[Event "fics rated crazyhouse match"]
[Site "fics, Oklahoma City, OK USA"]
[Date "2000.01.15"]
[White "Thufir"]
[WhiteElo "2375"]
[Black "Lomboc"]
[BlackElo "2320"]
[TimeControl "60+0"]
[Result "1-0"]

1. e4 e6 2. Nc3 d5 3. d4 dxe4 4. Nxe4 Nd7 5. Nf3 Ngf6 6. Bg5 
Be7 7. Nxf6+ Nxf6 8. P@e5 Ne4 9. Bxe7 Qxe7 10. N@h5 Nxf2 11. Nxg7+ Kf8 
12. P@f6 Qb4+ 13. B@c3 Qb6 14. Kxf2 N@e4+ 15. Ke2 B@h6 16. N@h5 P@g6 17. Ng3 
Nxg3+ 18. hxg3 Bxg7 19. fxg7+ Kxg7 20. B@f6+ Kf8 21. Bxh8 P@g7 22. N@c4 Qc6 
23. Kf2 N@e4+ 24. Kg1 P@f2+ 25. Kh2 N@f5 26. R@h3 h5 27. Bd3 Nexg3 28. Rxg3 
Nxg3 29. Kxg3 P@e3 30. Qe2 R@g4+ 31. Kh2 Kg8 32. N@g3 Kxh8 33. Qxe3 B@f4 
34. Qxf2 Bxg3+ 35. Qxg3 Rxg3 36. P@f2 Rg5 37. P@g3 Q@g4 38. B@h3 Qxd4 39. Bxd4 
Rxe5 40. Bxe5 Qd5 41. Q@f8+ N@g8 42. Bxg7+ Kh7 43. R@h8# 
{Lomboc checkmated} 1-0

[Event "fics rated crazyhouse match"]
[Site "fics, Oklahoma City, OK USA"]
[Date "2000.01.15"]
[White "Lomboc"]
[WhiteElo "2313"]
[Black "Thufir"]
[BlackElo "2382"]
[TimeControl "60+0"]
[Result "0-1"]

1. e3 e6 2. d4 Nc6 3. Nf3 Nf6 4. Nc3 Bb4 5. Bb5 Ne4 6. Bd2 
Nxd2 7. Nxd2 B@a5 8. Nce4 d5 9. c3 dxe4 10. cxb4 Bxb4 11. B@c3 Bxc3 
12. bxc3 P@d3 13. Bxc6+ bxc6 14. N@h5 B@f8 15. B@b3 B@e2 16. Qc1 Bxh5 17. Nxe4 
N@h4 18. O-O N@f3+ 19. gxf3 Nxf3+ 20. Kh1 P@d5 21. Ng3 Bg4 22. P@g2 Ng5 
23. f3 Bf5 24. Nxf5 exf5 25. N@f4 N@e6 26. Nxd3 Be7 27. Ne5 O-O 28. Nxc6 
Qe8 29. Ne5 f6 30. B@c6 Qh5 31. N@g3 Qh6 32. Nxf5 Qh5 33. Nxe7+ Kh8 
34. B@g4 Qh6 35. Nf5 Ba6 36. Nxh6 gxh6 37. P@g6 fxe5 38. Bxe6 Nxe6 39. gxh7 
B@g6 40. N@h4 Bxh7 41. P@g6 P@h3 42. gxh7 hxg2# 
{Lomboc forfeits on time} 0-1

[Event "fics rated crazyhouse match"]
[Site "fics, Oklahoma City, OK USA"]
[Date "2000.01.15"]
[White "Thufir"]
[WhiteElo "2388"]
[Black "Lomboc"]
[BlackElo "2307"]
[TimeControl "60+0"]
[Result "1-0"]

1. e4 d6 2. d4 Nf6 3. Nc3 e6 4. Be2 Nbd7 5. Nf3 Be7 6. O-O 
O-O 7. Be3 e5 8. d5 Nb6 9. Qd2 Bg4 10. Ng5 Bxe2 11. Qxe2 B@h6 
12. B@h4 Bxg5 13. Bhxg5 N@c4 14. b3 Nxe3 15. fxe3 B@d4 16. exd4 exd4 17. Nd1 
Nxe4 18. Bxe7 Qxe7 19. N@f5 Qf6 20. Qxe4 B@e5 21. B@e7 Qg6 22. Bh4 Rfe8 
23. N@e7+ Kf8 24. Nxg6+ hxg6 25. Q@h8+ N@g8 26. B@e7+ Rxe7 27. Bxe7+ Ke8 28. Qxg8+ 
Kd7 29. B@b5+ c6 30. dxc6+ bxc6 31. Bxc6+ Ke6 32. N@g5# 
{Lomboc checkmated} 1-0

[Event "fics rated crazyhouse match"]
[Site "fics, Oklahoma City, OK USA"]
[Date "2000.01.15"]
[White "Lomboc"]
[WhiteElo "2301"]
[Black "Thufir"]
[BlackElo "2394"]
[TimeControl "60+0"]
[Result "1-0"]

1. e3 e6 2. d4 d6 3. Nf3 Be7 4. Nc3 Nf6 5. Bb5+ Bd7 6. Bxd7+ 
Nbxd7 7. e4 B@g4 8. O-O O-O 9. h3 Bxf3 10. Qxf3 e5 11. d5 N@d4 
12. Qd1 Nc5 13. B@d3 c6 14. dxc6 bxc6 15. P@e3 Nxd3 16. exd4 Nb4 17. dxe5 
dxe5 18. Qxd8 Raxd8 19. N@f5 P@f3 20. Q@g3 Q@g6 21. Qxf3 P@g4 22. Nxe7+ Kh8 
23. Nxg6+ fxg6 24. hxg4 N@d4 25. Qg3 B@f4 26. Bxf4 exf4 27. Qxf4 Nbxc2 28. P@e7 
Rde8 29. exf8=Q+ Rxf8 30. P@e7 Rg8 31. P@f7 B@c4 32. fxg8=Q+ Bxg8 33. R@f8 Nxa1 
34. P@f7 P@h2+ 35. Qxh2 R@e8 36. Rxe8 Nxe8 37. fxg8=Q+ Kxg8 38. Q@f8# 
{Thufir checkmated} 1-0

[Event "fics rated crazyhouse match"]
[Site "fics, Oklahoma City, OK USA"]
[Date "2000.01.15"]
[White "Thufir"]
[WhiteElo "2384"]
[Black "Lomboc"]
[BlackElo "2311"]
[TimeControl "60+0"]
[Result "1-0"]

1. e4 d6 2. Nc3 e5 3. d4 exd4 4. Qxd4 Nc6 5. Bb5 Bd7 6. Qa4 
a6 7. Bxc6 Bxc6 8. Qc4 Qe7 9. N@d5 Qd7 10. Nf3 P@e6 11. Nf4 B@b5 
12. Qd4 Nf6 13. P@g5 e5 14. Qd1 Nxe4 15. Nxe4 Bxe4 16. N@d5 P@e6 17. Nc3 
Bxf3 18. Qxf3 exf4 19. Qxb7 Bc6 20. Qxa8+ Bxa8 21. R@b8+ Q@c8 22. Rxc8+ Qxc8 
23. B@e4 Bxe4 24. Nxe4 N@h4 25. B@f1 f3 26. Q@g3 fxg2 27. Bxg2 Nxg2+ 28. Qxg2 
B@b7 29. N@f6+ gxf6 30. Nxf6+ Ke7 31. P@c6 R@e5+ 32. P@e4 Bxc6 33. P@d4 Ra5 
34. Bd2 Rb5 35. O-O Rxb2 36. Nh5 Rg8 37. f4 Kd7 38. Be3 Be7 39. d5 
exd5 40. exd5 Bb5 41. P@c6+ Kd8 42. Rfe1 P@e2 43. Nf6 B@b1 44. Nxg8 
{Lomboc forfeits on time} 1-0

[Event "fics rated crazyhouse match"]
[Site "fics, Oklahoma City, OK USA"]
[Date "2000.01.15"]
[White "Lomboc"]
[WhiteElo "2305"]
[Black "Thufir"]
[BlackElo "2390"]
[TimeControl "60+0"]
[Result "1-0"]

1. e4 e6 2. Nc3 Nc6 3. d4 Nf6 4. Nf3 Bb4 5. Bd3 d5 6. e5 
Ne4 7. Bd2 Nxd2 8. Qxd2 B@g4 9. O-O-O Bxf3 10. gxf3 Nxd4 11. Bxh7 N@e2+ 
12. Nxe2 Bxd2+ 13. Rxd2 Nxe2+ 14. Rxe2 Rxh7 15. N@g5 B@f4+ 16. B@e3 Bxg5 17. Bxg5 
Qxg5+ 18. B@e3 B@f4 19. Bxf4 Qxf4+ 20. B@e3 Qb4 21. B@c3 Qe7 22. P@f6 Q@a1+ 
23. N@b1 Qd7 24. fxg7 B@e7 25. g8=Q+ N@f8 26. Qxh7 Nxh7 27. R@h8+ Nf8 28. P@g7 
P@a3 29. gxf8=Q+ Bxf8 30. N@g7+ Ke7 31. Bg5+ f6 32. Bxf6+ Kf7 33. N@g5+ Kg6 
34. N7xe6 axb2+ 35. Bxb2 Qxb2+ 36. Kxb2 N@c4+ 37. Kc1 P@b2+ 38. Kd1 P@h5 39. Q@d3+ 
P@e4 40. P@f5+ Kxf5 41. fxe4+ Kg4 42. h3# 
{Thufir forfeits on time} 1-0

[Event "fics rated crazyhouse match"]
[Site "fics, Oklahoma City, OK USA"]
[Date "2000.01.15"]
[White "Thufir"]
[WhiteElo "2380"]
[Black "Lomboc"]
[BlackElo "2315"]
[TimeControl "60+0"]
[Result "1-0"]

1. e4 d6 2. Nc3 e5 3. d4 exd4 4. Qxd4 Nf6 5. Bg5 Be7 6. P@h6 
gxh6 7. Bxh6 Rg8 8. P@g7 Nc6 9. Bb5 Bd7 10. Bxc6 bxc6 11. N@f5 Bxf5 
12. exf5 B@e5 13. Qd2 Ng4 14. B@b3 Nxh6 15. Qxh6 Rxg7 16. N@h5 Rxg2 17. Qxh7 
d5 18. P@e6 fxe6 19. fxe6 B@g6 20. P@f7+ Kf8 21. Qg8# 
{Lomboc checkmated} 1-0

[Event "fics rated crazyhouse match"]
[Site "fics, Oklahoma City, OK USA"]
[Date "2000.01.15"]
[White "Lomboc"]
[WhiteElo "2308"]
[Black "Thufir"]
[BlackElo "2387"]
[TimeControl "60+0"]
[Result "0-1"]

1. e4 e6 2. Nc3 Nc6 3. d4 Nf6 4. Nf3 Bb4 5. Bd3 d5 6. e5 
Ne4 7. Bd2 Nxd2 8. Qxd2 B@g4 9. a3 Bxf3 10. gxf3 Nxd4 11. B@e2 Bxc3 
12. Qxc3 Nxe2 13. Bxe2 d4 14. Qd3 N@f4 15. Qe4 N@g2+ 16. Kd1 B@f5 17. Qxf5 
exf5 18. B@d3 P@e3 19. Rg1 Q@d2# 
{Lomboc checkmated} 0-1

[Event "fics rated crazyhouse match"]
[Site "fics, Oklahoma City, OK USA"]
[Date "2000.01.15"]
[White "Thufir"]
[WhiteElo "2393"]
[Black "Lomboc"]
[BlackElo "2302"]
[TimeControl "60+0"]
[Result "0-1"]

1. e4 d6 2. d4 e5 3. dxe5 dxe5 4. Qxd8+ Kxd8 5. Nf3 Nc6 6. P@d5 
P@g4 7. dxc6 gxf3 8. gxf3 bxc6 9. Nc3 N@d4 10. Q@d1 Q@d7 11. P@e3 Ne6 
12. Bh3 Qxd1+ 13. Nxd1 P@c4 14. O-O Nf6 15. Bd2 Ng5 16. Bxc8 Rxc8 17. N@b7+ 
Ke8 18. B@g2 B@h3 19. Q@g3 Bxg2 20. Qxg2 h6 21. B@f5 B@d7 22. Bxd7+ Nxd7 
23. B@f5 B@e6 24. Bxe6 fxe6 25. B@h5+ B@f7 26. Bxf7+ Kxf7 27. B@h5+ g6 28. Bg4 
h5 29. Bh3 Nxh3+ 30. Qxh3 B@e7 31. f4 exf4 32. exf4 B@g4 33. Qg2 Bxd1 
34. Raxd1 N@e2+ 35. Kh1 P@g4 36. f3 Q@h3 37. Qxh3 gxh3 38. P@g2 hxg2+ 39. Kxg2 
Bd6 40. P@g3 P@f6 41. B@h3 Nxf4+ 42. gxf4 Q@e2+ 43. N@f2 c3 44. Q@g3 cxd2 
45. Rxd2 Qxf2# 
{Thufir forfeits on time} 0-1

[Event "fics rated crazyhouse match"]
[Site "fics, Oklahoma City, OK USA"]
[Date "2000.01.15"]
[White "Lomboc"]
[WhiteElo "2312"]
[Black "Thufir"]
[BlackElo "2383"]
[TimeControl "60+0"]
[Result "1-0"]

1. e4 e6 2. d4 Nc6 3. e5 Nge7 4. Nc3 d6 5. exd6 cxd6 6. Nf3 
Nf5 7. Bb5 Bd7 8. P@e4 Nfe7 9. d5 exd5 10. exd5 Ne5 11. P@e6 fxe6 
12. dxe6 Bxb5 13. P@f7+ Nxf7 14. exf7+ Kxf7 15. Nxb5 P@f6 16. Nxd6+ Qxd6 17. Qxd6 
B@e6 18. Qxe6+ Kxe6 19. Nd4+ Kd7 20. B@e6+ Kc7 21. Q@d7+ Kb6 22. B@c7+ Kc5 
23. Qd6# 
{Thufir checkmated} 1-0

[Event "fics rated crazyhouse match"]
[Site "fics, Oklahoma City, OK USA"]
[Date "2000.01.15"]
[White "Thufir"]
[WhiteElo "2373"]
[Black "Lomboc"]
[BlackElo "2322"]
[TimeControl "60+0"]
[Result "1-0"]

1. e4 e6 2. d4 d5 3. exd5 exd5 4. Nc3 Nf6 5. Bb5+ Nc6 6. Qe2+ 
Be7 7. P@e5 Ne4 8. Nxe4 dxe4 9. Qxe4 O-O 10. Bxc6 bxc6 11. P@h6 B@d5 
12. Qe2 gxh6 13. Bxh6 N@f5 14. Bxf8 Kxf8 15. P@f6 P@g7 16. fxe7+ Qxe7 17. R@h8+ 
B@g8 18. B@a3 P@b4 19. N@h5 bxa3 20. bxa3 B@c3+ 21. Kf1 Bxa1 22. P@f6 gxf6 
23. Nxf6 R@g7 24. Nxg8 Bxg2+ 25. Ke1 Bc3+ 26. P@d2 Rxg8 27. Rxg8+ Kxg8 28. N@f6+ 
Qxf6 29. exf6 R@b1+ 30. B@d1 Bxh1 31. Qe8+ N@f8 32. R@h8+ Kxh8 33. Qxf8+ R@g8 
34. Q@g7+ Nxg7 35. fxg7# 
{Lomboc checkmated} 1-0

[Event "fics rated crazyhouse match"]
[Site "fics, Oklahoma City, OK USA"]
[Date "2000.01.15"]
[White "Lomboc"]
[WhiteElo "2315"]
[Black "Thufir"]
[BlackElo "2380"]
[TimeControl "60+0"]
[Result "0-1"]

1. d4 e6 2. Nc3 Nc6 3. e4 Nf6 4. e5 Nd5 5. Nxd5 exd5 6. Nf3 
d6 7. Bb5 Bd7 8. O-O Be7 9. Bxc6 bxc6 10. N@h5 Rg8 11. exd6 cxd6 
12. P@e5 B@g4 13. exd6 Bxd6 14. Ng3 P@e4 15. P@e2 exf3 16. exf3 Bge6 17. P@e5 
Be7 18. N@c5 P@c7 19. Nxd7 Bxd7 20. B@f5 N@g6 21. Bxd7+ Qxd7 22. B@f5 B@e6 
23. Bxe6 fxe6 24. B@h3 B@f7 25. Nh5 Rb8 26. Nxg7+ Rxg7 27. P@f6 Rg8 28. fxe7 
Nxe7 29. B@g5 Nc8 30. Qd3 P@f5 31. Re1 Rg6 32. f4 N@b4 33. Qd2 N@e4 
34. Qe2 N@g4 35. a3 Na6 36. Bxg4 fxg4 37. N@f6+ Nxf6 38. Bxf6 B@e4 
{Lomboc forfeits on time} 0-1

[Event "fics rated crazyhouse match"]
[Site "fics, Oklahoma City, OK USA"]
[Date "2000.01.15"]
[White "Thufir"]
[WhiteElo "2387"]
[Black "Lomboc"]
[BlackElo "2308"]
[TimeControl "60+0"]
[Result "1-0"]

1. e4 d6 2. Nc3 Nf6 3. d4 e5 4. d5 Nbd7 5. Nf3 Be7 6. Be2 
O-O 7. O-O Nc5 8. Be3 Ncxe4 9. Bd3 Nxc3 10. bxc3 e4 11. Ng5 exd3 
12. cxd3 P@h6 13. Nxf7 Rxf7 14. P@e6 Rf8 15. P@f7+ Kh8 16. N@f5 Nxd5 17. Bxh6 
B@f6 18. P@g5 Bxe6 19. gxf6 Bxf6 20. Nxg7 Bxg7 21. Bxg7+ Kxg7 22. P@e4 Nxc3 
23. B@d4+ B@f6 24. Bxc3 Bxc3 25. B@d5 Bxd5 26. exd5 P@g6 27. B@e6 Be5 28. f4 
Bd4+ 29. Kh1 P@f2 30. N@f3 B@b6 31. Nxd4 Bxd4 32. B@g5 P@f6 33. Bh4 N@e3 
34. Bxf2 Nxd1 35. Bxd4 P@e5 36. fxe5 dxe5 37. Raxd1 exd4 38. P@h6+ Kxh6 39. N@g4+ 
Kg5 40. B@h6+ Kh5 41. Nxf6+ Qxf6 42. Rxf6 
{Lomboc forfeits on time} 1-0

[Event "fics rated crazyhouse match"]
[Site "fics, Oklahoma City, OK USA"]
[Date "2000.01.15"]
[White "Lomboc"]
[WhiteElo "2302"]
[Black "Thufir"]
[BlackElo "2393"]
[TimeControl "60+0"]
[Result "1-0"]

1. e4 e6 2. Nc3 Nc6 3. d4 Nf6 4. Nf3 Bb4 5. Bd3 d5 6. exd5 
exd5 7. Bd2 P@e4 8. Nxe4 dxe4 9. Bxb4 Nxb4 10. O-O exf3 11. Qxf3 Nxd3 
12. cxd3 B@g4 13. Rfe1+ Bce6 14. Qxb7 B@d5 15. B@c6+ Bxc6 16. Qxc6+ B@d7 17. Qc5 
N@f4 18. P@e7 Qc8 19. B@g5 Nxd3 20. Qc3 Nxe1 21. Rxe1 P@h3 22. Bxf6 gxf6 
23. N@g7+ Kxe7 24. N@f5+ Kf8 25. P@e7+ Kg8 26. N@h6# 
{Thufir checkmated} 1-0

[Event "fics rated crazyhouse match"]
[Site "fics, Oklahoma City, OK USA"]
[Date "2000.01.15"]
[White "Thufir"]
[WhiteElo "2383"]
[Black "Lomboc"]
[BlackElo "2312"]
[TimeControl "60+0"]
[Result "0-1"]

1. e4 d6 2. Nc3 e5 3. d4 exd4 4. Qxd4 Nf6 5. Bg5 Be7 6. Bb5+ 
Bd7 7. Bxd7+ Nbxd7 8. B@b3 O-O 9. P@f5 B@e5 10. Qd1 Bxc3+ 11. bxc3 Nxe4 
12. Bxe7 Qxe7 13. Nf3 Nxc3+ 14. B@e3 Nxd1 15. Rxd1 P@f4 16. N@d5 Qe5 17. Nxf4 
B@c3+ 18. P@d2 Bd4 19. Nxe5 Nxe5 20. Bxd4 N@f3+ 21. gxf3 Nxf3+ 22. Kf1 Nxd4 
23. Rg1 P@e2+ 24. Nxe2 B@h3+ 25. P@g2 Nxe2 26. gxh3 Nxg1 27. B@h5 P@e2+ 28. Bxe2 
Nxe2 29. Q@g2 R@g1+ 30. Qxg1 Nxg1 31. N@h6+ gxh6 32. R@g3+ P@g6 33. B@c4 B@e2+ 
34. Bxe2 Nxe2 35. B@c4 Nxg3+ 36. hxg3 Q@h1+ 37. B@g1 B@g2+ 38. Ke2 Bf3+ 39. Kd3 
N@c5+ 40. Kc3 N@a4+ 41. Bxa4 Nxa4+ 42. Kd3 N@c5+ 43. Ke3 Q@e4# 
{Thufir checkmated} 0-1

[Event "fics rated crazyhouse match"]
[Site "fics, Oklahoma City, OK USA"]
[Date "2000.01.15"]
[White "Lomboc"]
[WhiteElo "2322"]
[Black "Thufir"]
[BlackElo "2373"]
[TimeControl "60+0"]
[Result "0-1"]

1. e4 e6 2. d4 Nc6 3. Nc3 Nf6 4. e5 Nd5 5. Nxd5 exd5 6. Nf3 
d6 7. Bb5 Bd7 8. exd6 cxd6 9. P@e5 P@e4 10. exd6 Bxd6 11. Bxc6 Bxc6 
12. Ne5 N@h4 13. Rg1 Bxe5 14. dxe5 N@f3+ 15. gxf3 Nxf3+ 16. Qxf3 exf3 17. B@d3 
P@e4 18. N@d6+ Kf8 19. P@f6 B@b4+ 20. N@c3 Rg8 21. Nxf7 exd3 22. N@e6+ Ke8 
23. N@d6+ Kd7 24. Nc5+ Bxc5 25. e6+ Kc7 26. Nxd5+ Bxd5 27. Nb5+ Kb8 
{Lomboc forfeits on time} 0-1

[Event "fics rated crazyhouse match"]
[Site "fics, Oklahoma City, OK USA"]
[Date "2000.01.15"]
[White "Thufir"]
[WhiteElo "2380"]
[Black "Lomboc"]
[BlackElo "2315"]
[TimeControl "60+0"]
[Result "1-0"]

1. e4 e6 2. Nc3 d5 3. exd5 exd5 4. d4 Nf6 5. Bb5+ Nc6 6. Qe2+ 
P@e6 7. P@e5 Nd7 8. Nf3 Be7 9. Bxc6 bxc6 10. N@h5 Rg8 11. O-O B@g6 
12. Ng3 a5 13. a3 Ba6 14. Qe1 Bxf1 15. Nxf1 Bxc2 16. B@b7 Ba4 17. Bxa8 
Qxa8 18. Nxa4 B@b5 19. Nc3 P@e2 20. Ng3 R@f1+ 21. Nxf1 exf1=Q+ 22. Qxf1 Bxf1 
23. R@e1 Ba6 24. P@e2 N@f5 25. B@g4 Q@g6 26. Bxf5 Qxf5 27. N@g3 Qg6 28. Be3 
h6 29. Rad1 c5 30. dxc5 Bxc5 31. P@h5 Qh7 32. Bxc5 Nxc5 33. B@e3 Ne4 
34. Ncxe4 dxe4 35. Nxe4 Qhxe4 36. P@d7+ Ke7 37. Bc5+ P@d6 38. exd6+ cxd6 39. Bxd6+ 
Kxd7 40. N@e5# 
{Lomboc forfeits on time} 1-0

[Event "fics rated crazyhouse match"]
[Site "fics, Oklahoma City, OK USA"]
[Date "2000.01.15"]
[White "Lomboc"]
[WhiteElo "2308"]
[Black "Thufir"]
[BlackElo "2387"]
[TimeControl "60+0"]
[Result "0-1"]

1. e4 e6 2. c3 Nc6 3. d4 Nf6 4. e5 Ne4 5. Bd3 d5 6. exd6 
Nxd6 7. Nd2 Be7 8. Ngf3 O-O 9. O-O f5 10. Re1 P@e4 11. Bxe4 fxe4 
12. Nxe4 Nxe4 13. Rxe4 B@d5 14. Re3 N@f5 15. P@e2 Nxe3 16. Bxe3 Bxf3 17. exf3 
N@f5 18. B@e4 Nxe3 19. fxe3 B@f5 20. Bxf5 exf5 21. N@f4 B@g5 22. B@b3+ Kh8 
23. N@f7+ Rxf7 24. Bxf7 Bxf4 25. R@g8+ Qxg8 26. Bxg8 Bxe3+ 27. P@f2 Bd7 28. Bxh7 
P@f7 29. Bxf5 Bxf5 30. fxe3 B@a6 31. B@e2 Bxe2 32. Qxe2 B@d3 33. Qf2 N@e2+ 
34. Kh1 R@h7 35. P@h3 N@h4 36. P@g3 Nxg2 37. Qxg2 Bxh3 38. Qf2 P@g2+ 39. Qxg2 
Bxg2+ 40. Kxg2 P@h3+ 41. Kf2 Q@g2+ 42. Ke1 R@f1+ 43. Kd2 Nexd4# 
{Lomboc forfeits on time} 0-1

[Event "fics rated crazyhouse match"]
[Site "fics, Oklahoma City, OK USA"]
[Date "2000.01.15"]
[White "Thufir"]
[WhiteElo "2393"]
[Black "Lomboc"]
[BlackElo "2302"]
[TimeControl "60+0"]
[Result "1-0"]

1. e4 e6 2. d4 d5 3. exd5 exd5 4. Bb5+ Nc6 5. Qe2+ Be7 6. P@h6 
gxh6 7. Nc3 P@g7 8. Nf3 Nf6 9. Ne5 Bd7 10. Nxd7 Qxd7 11. Bxc6 bxc6 
12. N@e5 Qd6 13. B@c5 Qe6 14. Bxe7 Qxe7 15. Nxc6 Qxe2+ 16. Nxe2 O-O 17. Ne7+ 
Kh8 18. Bxh6 P@d2+ 19. Kf1 N@e6 20. Bxd2 Ne4 21. B@h6 B@f6 22. Nxd5 gxh6 
23. Bxh6 B@g7 24. Bxg7+ Bxg7 25. B@e3 B@h6 26. P@f4 Nxd4 27. Nxd4 B@c4+ 28. P@d3 
Bxd5 29. dxe4 Bxe4 30. P@f3 Bxf3 31. Nxf3 P@e4 32. Ne1 P@h3 33. Rg1 P@f3 
34. gxf3 exf3 35. Nxf3 
{Lomboc forfeits on time} 1-0

[Event "fics rated crazyhouse match"]
[Site "fics, Oklahoma City, OK USA"]
[Date "2000.01.15"]
[White "Lomboc"]
[WhiteElo "2296"]
[Black "Thufir"]
[BlackElo "2399"]
[TimeControl "60+0"]
[Result "0-1"]

1. e4 e6 2. Nc3 Nc6 3. d4 Nf6 4. Nf3 Bb4 5. Bd3 d5 6. e5 
Ne4 7. Bd2 Nxd2 8. Qxd2 B@g4 9. N@g1 Bxf3 10. Nxf3 N@e4 11. Bxe4 dxe4 
12. Ng5 Qxd4 13. Qxd4 Nxd4 14. B@a4+ P@b5 15. Bxb5+ B@c6 16. Bxc6+ bxc6 17. P@e2 
Nxc2+ 18. Kd2 Nxa1 19. Rxa1 B@f4+ 20. B@e3 R@d5+ 21. Ke1 P@d2+ 22. Kd1 Bxe3 
23. fxe3 Q@e1+ 24. Kc2 d1=Q+ 25. Nxd1 Qd2+ 26. Kb3 B@c2+ 27. Kc4 Ba6+ 28. P@b5 
Bxb5# 
{Lomboc checkmated} 0-1

[Event "fics rated crazyhouse match"]
[Site "fics, Oklahoma City, OK USA"]
[Date "2000.01.15"]
[White "Thufir"]
[WhiteElo "2405"]
[Black "Lomboc"]
[BlackElo "2290"]
[TimeControl "60+0"]
[Result "1-0"]

1. e4 e6 2. d4 d5 3. exd5 exd5 4. Bb5+ Nc6 5. Qe2+ Be7 6. Nc3 
Nf6 7. P@e5 Bd7 8. exf6 gxf6 9. Nxd5 Nxd4 10. P@g7 Nxe2 11. gxh8=Q+ Bf8 
12. N@g7# 
{Lomboc checkmated} 1-0

[Event "fics rated crazyhouse match"]
[Site "fics, Oklahoma City, OK USA"]
[Date "2000.01.15"]
[White "Lomboc"]
[WhiteElo "2285"]
[Black "Thufir"]
[BlackElo "2410"]
[TimeControl "60+0"]
[Result "1-0"]

1. e4 e6 2. Nc3 Nc6 3. d4 Bb4 4. Nf3 Nf6 5. Bd3 d5 6. e5 
Ne4 7. Bd2 Nxd2 8. Qxd2 B@g4 9. N@g1 Bxf3 10. Nxf3 N@e4 11. Qd1 Nxc3 
12. bxc3 Bxc3+ 13. B@d2 Bxd2+ 14. Qxd2 P@e4 15. N@h5 N@f5 16. B@g5 B@e7 17. Bxe7 
Qxe7 18. B@g5 B@b4 19. c3 Bxc3 20. Qxc3 Qxg5 21. Nxg5 B@b4 22. Qxb4 Nxb4 
23. O-O Nxd3 24. B@b5+ P@c6 25. Bxd3 exd3 26. Nxg7+ Nxg7 27. B@f6 B@d8 28. Bxd8 
Kxd8 29. B@f6+ B@e7 30. Bxe7+ Kxe7 31. B@f6+ Kf8 32. Bxg7+ Kxg7 33. P@f6+ Kg6 
34. Q@g7+ Kf5 35. N@g3+ Kf4 36. Nh3# 
{Thufir checkmated} 1-0

[Event "fics rated crazyhouse match"]
[Site "fics, Oklahoma City, OK USA"]
[Date "2000.01.15"]
[White "Thufir"]
[WhiteElo "2399"]
[Black "Lomboc"]
[BlackElo "2296"]
[TimeControl "60+0"]
[Result "1-0"]

1. e4 e6 2. Nc3 d5 3. exd5 exd5 4. d4 Nf6 5. Bb5+ P@c6 6. Qe2+ 
Qe7 7. P@e5 Nfd7 8. Ba4 Nb6 9. Bb3 Bf5 10. Nf3 N8d7 11. Bg5 Qb4 
12. O-O h6 13. Bh4 Be7 14. Bxe7 Qxe7 15. B@h4 B@g5 16. Bxg5 hxg5 17. B@e3 
B@f4 18. Bxf4 gxf4 19. B@g5 f6 20. Bxf4 O-O-O 21. P@d6 cxd6 22. exd6 Qf7 
23. P@c7 Rdg8 24. Bg3 B@b4 25. a3 Bxc3 26. bxc3 N@e4 27. B@d3 Nxg3 28. fxg3 
Bxd3 29. cxd3 B@f8 30. B@e6 Qe8 31. N@f7 Rxh2 32. Nxh2 
{Lomboc resigns} 1-0

[Event "fics rated crazyhouse match"]
[Site "fics, Oklahoma City, OK USA"]
[Date "2000.01.15"]
[White "Lomboc"]
[WhiteElo "2290"]
[Black "Thufir"]
[BlackElo "2405"]
[TimeControl "60+0"]
[Result "0-1"]

1. e4 e6 2. d4 Nc6 3. Nc3 Nf6 4. e5 Nd5 5. Nf3 d6 6. Bd2 
Be7 7. Bb5 Bd7 8. O-O dxe5 9. Bxc6 Bxc6 10. Nxe5 Nxc3 11. bxc3 Bxg2 
12. Kxg2 N@h4+ 13. Kg1 P@g2 14. Re1 B@d6 15. Nd3 P@c4 16. Nc1 c6 17. P@g3 
Qc7 18. B@h3 O-O 19. Bxg2 Nxg2 20. Kxg2 B@d5+ 21. P@e4 Bxe4+ 22. Rxe4 f5 
23. Re1 P@g4 24. Kg1 Rad8 25. Rxe6 Qd7 26. Re1 Bf6 27. B@e6+ Qxe6 28. Rxe6 
B@f3 29. Qe1 Rde8 30. Rxe8 Rxe8 31. Qxe8+ Bf8 32. N@f7 R@h1# 
{Lomboc checkmated} 0-1

[Event "fics rated crazyhouse match"]
[Site "fics, Oklahoma City, OK USA"]
[Date "2000.01.15"]
[White "Thufir"]
[WhiteElo "2410"]
[Black "Lomboc"]
[BlackElo "2285"]
[TimeControl "60+0"]
[Result "0-1"]

1. e4 e6 2. d4 d5 3. exd5 exd5 4. Bb5+ Nc6 5. Qe2+ P@e6 6. Nc3 
Be7 7. Nf3 Bd7 8. Be3 Nf6 9. P@e5 Ne4 10. Nxe4 dxe4 11. Nd2 Nxe5 
12. dxe5 Bxb5 13. Qxb5+ B@c6 14. Qe2 P@f3 15. gxf3 exf3 16. Nxf3 N@g2+ 17. Kf1 
Nxe3+ 18. fxe3 B@g4 19. P@g2 P@h3 20. gxh3 Bgxf3 21. Qf2 Bxh1 22. N@h5 Rg8 
23. P@g6 hxg6 24. P@h7 Rh8 25. Nxg7+ Kf8 26. P@f6 P@g2+ 27. Kg1 R@d1+ 28. B@e1 
Rxa1 29. fxe7+ Qxe7 30. B@d3 N@b1 31. N@f6 P@d2 32. N@d7+ Bxd7 33. Nxd7+ Qxd7 
34. B@b4+ N@d6 35. Bbxd2 Nxd2 36. Qxd2 Ne4 37. P@e7+ Kxe7 38. Qb4+ B@c5 39. Qxe4 
Bxe3# 
{Thufir forfeits on time} 0-1

[Event "fics rated crazyhouse match"]
[Site "fics, Oklahoma City, OK USA"]
[Date "2000.01.15"]
[White "Lomboc"]
[WhiteElo "2296"]
[Black "Thufir"]
[BlackElo "2399"]
[TimeControl "60+0"]
[Result "0-1"]

1. e4 e6 2. Nc3 Nc6 3. d4 Nf6 4. Nf3 Bb4 5. Bd3 d5 6. e5 
Ne4 7. Bd2 Nxd2 8. Qxd2 B@g4 9. Ng1 Nxd4 10. Bxh7 Bxc3 11. bxc3 Nxc2+ 
12. Qxc2 P@e4 13. P@g6 P@d3 14. gxf7+ Kxf7 15. B@g6+ Kf8 16. Qd2 N@c2+ 17. Kf1 
P@e2+ 18. Nxe2 dxe2+ 19. Kg1 Nxa1 20. h3 R@d1+ 21. Kh2 Rxh1+ 22. Kxh1 R@d1+ 
23. Kh2 Rxd2 24. Bxe4 N@f1+ 25. Kh1 Q@h2# 
{Lomboc checkmated} 0-1

[Event "fics rated crazyhouse match"]
[Site "fics, Oklahoma City, OK USA"]
[Date "2000.01.15"]
[White "Thufir"]
[WhiteElo "2405"]
[Black "Lomboc"]
[BlackElo "2290"]
[TimeControl "60+0"]
[Result "0-1"]

1. e4 e6 2. d4 d5 3. exd5 exd5 4. Bb5+ Nc6 5. Qe2+ Be7 6. Nc3 
Nf6 7. P@e5 Ng8 8. Nf3 P@e4 9. Nd2 Bd7 10. Bxc6 Bxc6 11. N@h5 Bf8 
12. O-O B@g6 13. Nf4 Ne7 14. e6 fxe6 15. Nxe6 Qd7 16. Nxf8 Rxf8 17. B@h3 
P@f5 18. P@b5 N@f4 19. Qe3 Nxh3+ 20. Qxh3 Bxb5 21. Nxb5 Qxb5 22. N@e5 P@e2 
23. B@d7+ Qxd7 24. Nxd7 exf1=Q+ 25. Kxf1 Kxd7 26. Q@d1 B@a6+ 27. P@e2 B@h5 28. g3 
Baxe2+ 29. Qxe2 Bxe2+ 30. Kxe2 P@f3+ 31. Nxf3 exf3+ 32. Kd2 N@c4+ 33. Kc3 N@b5+ 
34. Kb4 Nc6+ 35. Kc5 Q@b4+ 36. Kxd5 R@d6# 
{Thufir checkmated} 0-1

[Event "fics rated crazyhouse match"]
[Site "fics, Oklahoma City, OK USA"]
[Date "2000.01.15"]
[White "Lomboc"]
[WhiteElo "2301"]
[Black "Thufir"]
[BlackElo "2394"]
[TimeControl "60+0"]
[Result "1-0"]

1. e4 e6 2. Nc3 Nc6 3. d4 Nf6 4. Nf3 Bb4 5. Bd3 d5 6. e5 
Ne4 7. Bd2 Nxd2 8. Qxd2 B@g4 9. N@g1 Bxf3 10. Nxf3 N@e4 11. Qe3 Nxc3 
12. O-O Ne4 13. Bxe4 dxe4 14. Qxe4 B@d5 15. Qg4 Bxf3 16. gxf3 N@e2+ 17. Kh1 
N@f5 18. P@g2 Ncxd4 19. B@g5 P@e7 20. B@d3 h6 21. Be3 Nxe3 22. fxe3 B@f5 
23. Bxf5 exf5 24. Qxg7 Kd7 25. exd4 Nxd4 26. Rad1 P@d2 27. B@d3 Rg8 28. Qxf7 
B@e6 29. Qh5 c6 30. N@f4 Kc7 31. Nxe6+ Bxe6 32. N@f4 Bc8 33. P@e3 N@c5 
34. exd4 Nxd3 35. cxd3 B@e6 36. Nxe6+ Bxe6 37. P@f7 N@f4 38. fxg8=Q Qxg8 39. Qh3 
Nxh3 40. B@g3 Nf2+ 41. Rxf2 P@d6 42. Rff1 Kc8 43. exd6 Kd7 44. R@c7# 
{Thufir forfeits on time} 1-0